 Dungeon Crawl Stone Soup version 0.30.1 (webtiles) character file.

Game seed: 17943198190626755244

287 AgateBread the Ducker (level 6, 0/51 HPs)
             Began as a Merfolk Monk on July 10, 2023.
             Slain by an iguana (12 damage)
             ... on level 5 of the Dungeon.
             The game lasted 00:10:35 (3606 turns).

AgateBread the Ducker (Merfolk Monk)                Turns: 3606, Time: 00:10:36

Health: 0/51       AC:  6    Str: 11    XL:     6   Next: 30%
Magic:  15/15      EV: 14    Int: 11    God:
Gold:   276        SH:  0    Dex: 17    Spells: 5/5 levels left

rFire   . . .        a - +0 spear
rCold   . . .        d - orb {light}
rNeg    . . .        t - +0 leather armour
rPois   .            z - +2 hat
rElec   .            m - +0 cloak
rCorr   .            (no gloves)
SInv    .            (no boots)
Will    .....        (no amulet)
Stlth   +            k - ring of magical power
HPRegen 0.28/turn    (no ring)
MPRegen 0.14/turn

%: no passive effects
@: glowing
A: (nimble swimmer 2), mertail
a: no special abilities


You were on level 5 of the Dungeon.
You visited 1 branch of the dungeon, and saw 5 of its levels.

You collected 276 gold pieces.

Inventory:

Hand Weapons
 a - a +0 spear (weapon)
 y - a +0 war axe
Missiles
 u - 3 javelins
 v - 5 poisoned darts (quivered)
 D - 3 boomerangs
Armour
 b - a +0 robe
 d - an orb of light (worn)
 m - a +0 cloak (worn)
 t - a +0 leather armour (worn)
 z - a +2 hat (worn)
 B - a +0 buckler
Magical Staves
 p - a staff of earth
Jewellery
 k - a ring of magical power (left hand)
Scrolls
 e - 2 scrolls of poison {unknown}
 f - 2 scrolls of immolation {unknown}
 l - a scroll of amnesia {unknown}
 n - a scroll of enchant armour {unknown}
 o - 2 scrolls of identify {unknown}
 r - 2 scrolls of teleportation {unknown}
 A - a scroll of blinking {unknown}
 C - a scroll of enchant weapon {unknown}
Potions
 g - a potion of berserk rage {unknown}
 h - a potion of degeneration {unknown}
 i - 2 potions of attraction {unknown}
 j - 2 potions of flight {unknown}
 q - a potion of invisibility {unknown}
 s - 3 potions of resistance {unknown}
 w - 2 potions of brilliance
 x - a potion of cancellation {unknown}


   Skills:
 + Level 5.1 Fighting
 + Level 6.1 Polearms
 + Level 6.1 Dodging


You had 5 spell levels left.
You didn't know any spells.
Your spell library contained the following spells:

 Spells                   Type           Power      Damage    Failure   Level
 Beastly Appendage        Tmut           0%         N/A       43%         1
 Magic Dart               Conj           0%         1d3       43%         1
 Slow                     Hex            0%         N/A       43%         1
 Searing Ray              Conj           0%         2d4       56%         2
 Wereblood                Tmut           0%         N/A       56%         2
 Confusing Touch          Hex            0%         N/A       80%         3
 Spider Form              Tmut/Pois      0%         N/A       80%         3
 Stone Arrow              Conj/Erth      0%         3d7       80%         3
 Vampiric Draining        Necr           0%         2d6       80%         3
 Vhi's Electric Charge    Tloc/Air       0%         N/A       80%         3
 Animate Armour           Summ/Erth      0%         N/A       99%         4
 Fulminant Prism          Conj/Hex       0%         3d5       99%         4
 Arcjolt                  Conj/Air       0%         1d10      100%        5
 Lehudib's Crystal Spear  Conj/Erth      0%         10d2      100%        8
 Maxwell's Capacitive Co  Air            0%         ∞         100%        8


Dungeon Overview and Level Annotations

Branches:
Dungeon (5/15)
 Temple: D:4-7

Altars:
Hepliaklqana
Kikubaaqudgha
Vehumet
Zin

Annotations:
D:4 3 runed translucent doors, erynZofia's ghost, amateur SpHu


Innate Abilities, Weirdness & Mutations

((You are very nimble when in or above water. (Stealth+, EV+, Speed+++)))
Your lower body shifts to a powerful aquatic tail in water.


Message History

You hit the iguana.
The iguana is heavily wounded.
The iguana bites you!
You are too injured to fight recklessly!
You are too injured to fight recklessly!
You are too injured to fight recklessly!
You are too injured to fight recklessly!
You hit the iguana but do no damage.
The iguana is heavily wounded.
The iguana barely misses you.
You barely miss the iguana.
The iguana is heavily wounded.
The iguana misses you.
You hit the iguana but do no damage.
The iguana is heavily wounded.
The iguana bites you.
You hit the iguana but do no damage.
The iguana is heavily wounded.
Throw: 6 darts (poison)
Press: ? - help, Q - select action, (/) - cycle Shift-Dir - straight line, f - iguana
Aim: an iguana (heavily wounded, haloed, 83% to hit)
You throw a poisoned dart.
The poisoned dart completely misses the iguana.
The iguana barely misses you.
You hit the iguana but do no damage.
The iguana is heavily wounded.
The iguana bites you!
* * * LOW HITPOINT WARNING * * *
You hit the iguana.
The iguana is severely wounded.
The iguana bites you.
* * * LOW HITPOINT WARNING * * *
You feel better. The iguana completely misses you.
You hit the iguana but do no damage.
The iguana is severely wounded.
The iguana barely misses you.
You hit the iguana but do no damage.
The iguana is severely wounded.
The iguana bites you!
You die...

#.#.#.#
###.#.#.###########
...................
.####.#........######
...#####.........#
######...........(###
#..............#
#.........l..#..#
#........@.....§.
#.............°.○
#..............§.
+.............○..
...###$......°○. ...
#..........
#.........#
...#+#..$.#


You could see an iguana.

Vanquished Creatures
  A jelly (D:4)
  An orc priest (D:3)
  Jessica (D:2)
  4 orc wizards
  4 adders
  A worm (D:2)
  A dart slug (D:1)
  4 orcs (D:4)
  4 bats
  5 endoplasms
  2 giant cockroaches
  8 goblins
  7 hobgoblins
  2 jackals (D:2)
  6 kobolds
  2 quokkas
  2 ball pythons
  6 rats
  A spectral hobgoblin (D:4)
62 creatures vanquished.

Notes
Turn   | Place    | Note
-------+----------+-------------------------------------------
     0 | D:1      | AgateBread the Merfolk Monk began the quest for the Orb.
     0 | D:1      | Reached XP level 1. HP: 18/18 MP: 1/1
   690 | D:1      | Reached XP level 2. HP: 24/24 MP: 2/2
   830 | D:2      | Noticed Jessica
   839 | D:2      | Killed Jessica
   840 | D:2      | Reached XP level 3. HP: 18/30 MP: 3/3
  1168 | D:2      | Reached XP level 4. HP: 23/37 MP: 4/4
  1170 | D:2      | Reached skill level 5 in Polearms
  1198 | D:2      | Reached skill level 5 in Dodging
  2076 | D:3      | Reached XP level 5. HP: 34/43 MP: 5/5
  2082 | D:3      | HP: 2/43 [orc wizard/magic dart (8)]
  2747 | D:3      | Found a glowing silver altar of Zin.
  2860 | D:4      | HP: 1/43 [acid (9)]
  2862 | D:4      | Reached XP level 6. HP: 2/50 MP: 6/6
  3045 | D:4      | Noticed erynZofia's ghost (amateur SpHu)
  3046 | D:4      | Found a runed translucent gate.
  3046 | D:4      | Found a runed translucent gate.
  3046 | D:4      | Found a runed translucent gate.
  3101 | D:4      | Reached skill level 5 in Fighting
  3264 | D:4      | Found an ancient bone altar of Kikubaaqudgha.
  3473 | D:4      | Found a hazy altar of Hepliaklqana.
  3558 | D:5      | Entered Level 5 of the Dungeon
  3579 | D:5      | Found a radiant altar of Vehumet.
  3606 | D:5      | Slain by an iguana

Illustrated notes

Levels and vault maps discovered:
D:1:      heliophobic_arrival_glass_houses, layout_basic
D:2:      layout_basic, uniq_jessica
D:3:      layout_basic, zin_scriptorium, kennysheep_orc_chapel
D:4:      minmay_chambers_of_threes, layout_loops_cross,
          mainiacjoe_overflow_boulevard, nicolae_hepliaklqana_monster_ancestors,
          gammafunk_ghost_split, uniq_ijyb
D:5:      layout_basic, fiery_altar_vehumet, ebering_ghost_reflecting_pool

Skill      XL: |  1  2  3  4  5  6 |
---------------+-------------------+-----
Fighting       | 4 5 |  5.1
Polearms       | 5 6 |  6.1
Dodging        | 5 6 |  6.1

Action                     |  1- 3 |  4- 6 || total
---------------------------+-------+-------++-------
  Melee: Spear             |    75 |   199 ||   274
  Throw: Dart              |       |     2 ||     2
    Use: Potion            |       |     6 ||     6
         Scroll            |       |     1 ||     1
 Armour: Robe              |    11 |       ||    11
         Leather armour    |       |    25 ||    25
  Dodge: Dodged            |    40 |    91 ||   131
